 Dungeon Crawl Stone Soup version 0.26-a0-259-g1effd001a9 (webtiles) character file.

Game seed: 12995370058330855383

2002 tilp the Covert (level 9, -4/45 HPs)
             Began as a Spriggan Enchanter on July 18, 2020.
             Was a Believer of Dithmenos.
             Slain by a gnoll sergeant
             ... wielding a +0 spear
              (6 damage)
             ... on level 6 of the Dungeon.
             The game lasted 00:14:11 (9098 turns).

tilp the Covert (Spriggan Enchanter)                Turns: 9098, Time: 00:14:12

Health: -4/45      AC:  2    Str:  4    XL:     9   Next: 2%
Magic:  9/16       EV: 24    Int: 20    God:    Dithmenos [**....]
Gold:   307        SH:  0    Dex: 16    Spells: 4/16 levels left

rFire    . . .     SeeInvis +   b - +1 dagger
rCold    . . .     Faith    .   (shield restricted)
rNeg     . . .     Spirit   .   w - +0 robe
rPois    .         Reflect  .   (helmet restricted)
rElec    .         Harm     .   (no cloak)
rCorr    .                      (gloves unavailable)
MR       +....                  (boots unavailable)
Stlth    ++++++....             l - amulet of regeneration
HPRegen  0.55/turn              (no ring)
MPRegen  0.15/turn              (no ring)

@: wreathed by umbra, very quick
A: very small, unfitting armour, see invisible, herbivore, speed 3, slow
metabolism 2
a: Shadow Step, Renounce Religion


You were on level 6 of the Dungeon.
You worshipped Dithmenos.
Dithmenos was pleased with you.
You were not hungry.

You visited 2 branches of the dungeon, and saw 7 of its levels.

You collected 307 gold pieces.

Inventory:

Hand Weapons
 a - a +2 dagger of speed
 b - a +1 dagger (weapon)
 q - a +2 rapier of holy wrath
Missiles
 o - 56 poisoned darts (quivered)
 A - a throwing net
 B - 40 arrows
Armour
 w - a +0 robe (worn)
Jewellery
 l - an amulet of regeneration (around neck)
 y - an uncursed amulet of faith {unknown}
Wands
 D - a wand of iceblast (19)
Scrolls
 d - 6 scrolls of remove curse
 f - a scroll of enchant weapon {unknown}
 g - a scroll of amnesia {unknown}
 h - a scroll of fear
 k - 2 scrolls of fog {unknown}
 n - 3 scrolls of teleportation
 p - a scroll of noise {unknown}
 r - 2 scrolls of random uselessness {unknown}
 s - 2 scrolls of blinking {unknown}
 t - a scroll of immolation {unknown}
 E - a scroll of identify
Potions
 e - 2 potions of cancellation
 i - 2 potions of haste
 j - 3 potions of curing
 m - 3 potions of flight {unknown}
 u - a potion of ambrosia {unknown}
 v - a potion of heal wounds {unknown}
 x - a potion of might {unknown}
 z - a potion of magic {unknown}
 C - a potion of mutation {unknown}
Comestibles
 c - 16 rations


   Skills:
 - Level 4.2 Fighting
 + Level 7.4 Short Blades
 - Level 8.2 Dodging
 + Level 11.2 Stealth
 - Level 4.0 Spellcasting
 - Level 7.4 Hexes
 - Level 4.5 Invocations
 - Level 6.0 Evocations


You had 4 spell levels left.
You knew the following spells:

 Your Spells              Type           Power        Failure   Level
a - Corona                Hex            ####...      1%          1
b - Ensorcelled Hibernat  Hex/Ice        ###...       4%          2
c - Confusing Touch       Hex            ####....     1%          3
d - Tukima's Dance        Hex            ####....     1%          3
e - Dazzling Flash        Conj/Hex       ###...       9%          3

Your spell library contained the following spells:

 Spells                   Type           Power        Failure   Level
 Animate Skeleton         Necr           #.....       13%         1
 Pain                     Necr           #...         13%         1
 Vampiric Draining        Necr           #.........   36%         3
 Animate Dead             Necr           #.........   77%         4
 Agony                    Necr           #.......     98%         5


Dungeon Overview and Level Annotations

Branches:
Dungeon (6/15)             Temple (1/1) D:5

Altars:
Cheibriados
Dithmenos
Elyvilon
Fedhas
Gozag
Kikubaaqudgha
Makhleb
Nemelex Xobeh
Okawaru
Qazlal
Ru
Sif Muna
Trog
Uskayaw
Vehumet
Wu Jian
Xom
Yredelemnul
Zin
The Shining One


Innate Abilities, Weirdness & Mutations

You are very small and have problems with some larger weapons.
You are too small for most types of armour.
You have supernaturally acute eyesight. (SInv)
You are a herbivore.
You cover ground extremely quickly.
You need to consume almost no food.


Message History

* * * LOW HITPOINT WARNING * * *
The gnoll shaman closely misses you.
You hit the gnoll shaman but do no damage.
The gnoll shaman is moderately wounded.
The gnoll shaman calls upon its god to speed up the gnoll sergeant.
The gnoll sergeant seems to speed up.
You hit the gnoll shaman but do no damage.
The gnoll shaman appears confused.
The gnoll shaman is moderately wounded.
The gnoll sergeant mumbles something.
You see here a +0 short sword.
The gnoll sergeant hits you with a +0 spear!
* * * LOW HITPOINT WARNING * * *
There is an escape hatch in the floor, spattered with blood here.
You hit the gnoll sergeant but do no damage.
The gnoll sergeant closely misses you.
You hit the gnoll sergeant.
The gnoll sergeant is lightly wounded.
The gnoll sergeant hits you with a +0 spear.
You die...

############################
..'.....(......(.'...#.....#
.%'.....)gg....))))..#....)#
..####'K########)#)..#PP♣..#
...... #.g)#(..#♣PP..#
#....... #.).#÷..#♣P♣..#
#........ #.@.#####♣PP..#
#..K...... #)g.#P♣♣♣P♣...#
############'''#PPPPP...##
♣..P♣♣♣♣....♣PPP♣P...#
.PP♣PP.....P♣P.....#
.P♣P♣P.....P.P....##
.P.P.............##
.............#####.......
#..###.....### ##.......


You could see a gnoll sergeant (fast, confused) and a gnoll shaman (confused).

Vanquished Creatures
  An orc warrior (D:6)
  A sky beast (D:5)
  A phantom (D:5)
  2 centaurs (D:6)
  2 big kobolds
  2 gnoll sergeants (D:6)
  2 howler monkeys
  A quasit (D:5)
  A jelly (D:6)
  3 gnoll shamans (D:6)
  4 orc priests
  A hound (D:6)
  4 orc wizards
  9 worker ants
  2 hound zombies
  4 hound skeletons
  4 gnolls (D:6)
  4 adders
  2 river rats (D:5)
  An ooze (D:5)
  2 adder zombies (D:6)
  A worm (D:4)
  2 dart slugs
  4 leopard geckos
  17 orcs
  3 bats
  A giant cockroach (D:4)
  4 goblins
  13 hobgoblins
  10 jackals
  A quokka (D:2)
  2 ball pythons
  A frilled lizard (D:2)
  14 kobolds
  20 rats
146 creatures vanquished.

Notes
Turn   | Place    | Note
-------+----------+-------------------------------------------
     0 | D:1      | tilp the Spriggan Enchanter began the quest for the Orb.
     0 | D:1      | Reached XP level 1. HP: 9/9 MP: 5/5
   757 | D:2      | Reached XP level 2. HP: 12/13 MP: 4/6
   761 | D:2      | Learned a level 2 spell: Ensorcelled Hibernation
  1429 | D:2      | Reached XP level 3. HP: 17/17 MP: 8/8
  1434 | D:2      | Learned a level 3 spell: Confusing Touch
  2478 | D:3      | Reached skill level 5 in Stealth
  2993 | D:3      | Found a snail-covered altar of Cheibriados.
  3016 | D:3      | Reached XP level 4. HP: 16/21 MP: 8/10
  3205 | D:4      | Reached skill level 1 in Fighting
  3604 | D:4      | Reached XP level 5. HP: 18/25 MP: 8/11
  3785 | D:4      | Found an ornate altar of the Wu Jian Council.
  4402 | D:3      | HP: 1/25 [poisoned by a worker ant]
  5169 | D:4      | Reached XP level 6. HP: 30/30 MP: 10/13
  5307 | D:4      | Reached skill level 6 in Stealth
  5312 | D:4      | Learned a level 3 spell: Tukima's Dance
  5316 | D:4      | Learned a level 3 spell: Dazzling Flash
  5521 | D:4      | Reached skill level 5 in Short Blades
  5521 | D:4      | Reached skill level 9 in Stealth
  5521 | D:4      | Reached XP level 7. HP: 37/37 MP: 14/14
  5574 | D:5      | Entered Level 5 of the Dungeon
  5591 | D:5      | Found a staircase to the Ecumenical Temple.
  5599 | Temple   | Entered the Ecumenical Temple
  5789 | Temple   | Became a worshipper of Dithmenos the Shadowed
  6420 | D:5      | Reached * piety under Dithmenos
  6788 | D:5      | Reached skill level 10 in Stealth
  6932 | D:5      | Reached XP level 8. HP: 42/42 MP: 15/15
  7066 | D:5      | Found a blossoming altar of Fedhas.
  8429 | D:6      | Reached ** piety under Dithmenos
  8497 | D:6      | Reached skill level 11 in Stealth
  8729 | D:6      | Reached XP level 9. HP: 45/45 MP: 4/16
  9096 | D:6      | HP: 1/45 [gnoll sergeant/+0 spear (12)]
  9098 | D:6      | Slain by a gnoll sergeant

Illustrated notes

Levels and vault maps discovered:
D:1:      dpeg_arrival_houses_and_road, layout_loops_ring
D:2:      layout_basic
D:3:      minmay_door_path, layout_loops_ring, first_ration,
          kennysheep_slug_shrine
D:4:      layout_basic, kennysheep_little_box, dk_vineyard_2
D:5:      layout_basic, fedhas_altar_3, minmay_temple_entry_statues_fountains,
          chequers_serial_rivers_room_a, dk_rats_in_the_wall
D:6:      kennysheep_housing_project, layout_rooms, grunt_ministairs_7,
          nicolae_water_bricks
Temple:   dpeg_five_rooms_temple

Skill      XL: |  1  2  3  4  5  6  7  8 |
---------------+-------------------------+-----
Spellcasting   | 3 4 |  4.0
Hexes          | 4 7 |  7.4
Stealth        | 5 9 10 11 | 11.2
Fighting       | 1 4 |  4.2
Short Blades   | 2 5 6 7 |  7.4
Dodging        | 4 8 |  8.2
Invocations    | 4 |  4.5
Evocations     | 6 |  6.0

Action                   |  1- 3 |  4- 6 |  7- 9 || total
-------------------------+-------+-------+-------++-------
Melee: Dagger            |   109 |    79 |   394 ||   582
 Cast: Corona            |     4 |       |       ||     4
       Ensorcelled Hiber |    24 |    21 |    61 ||   106
       Confusing Touch   |     1 |     4 |    13 ||    18
  Use: Scroll            |     1 |     6 |     1 ||     8
       Potion            |       |     2 |       ||     2
 Stab: Sleeping          |    22 |    13 |    42 ||    77
       Confused          |     1 |     4 |    11 ||    16
       Distracted        |     1 |       |     1 ||     2
  Eat: Ration            |       |     1 |     1 ||     2
Armor: Robe              |     6 |     3 |     3 ||    12
Dodge: Dodged            |    74 |    67 |   263 ||   404

Table legend:
 A = Non-vault XP
 B = Vault XP
 C = Vault XP percentage of total XP
 D = Non-vault monster count
 E = Vault monster count
 F = Vault count percentage of total count
                 A         B        C        D         E       F
            +---------+---------+-------+---------+---------+-------
      Total |    1823 |     613 |  25.2 |      96 |      50 |  34.2
            +---------+---------+-------+---------+---------+-------
        D:1 |      10 |       0 |   0.0 |       5 |       0 |   0.0
        D:2 |      44 |       0 |   0.0 |      17 |       0 |   0.0
        D:3 |      33 |      10 |  23.3 |      10 |       3 |  23.1
        D:4 |     357 |       0 |   0.0 |      18 |       0 |   0.0
        D:5 |     757 |      45 |   5.6 |      30 |      21 |  41.2
        D:6 |     622 |     558 |  47.3 |      16 |      26 |  61.9
            +---------+---------+-------+---------+---------+-------
